 Dungeon Crawl Stone Soup version 0.31-a0-479-g91c9547826 (webtiles) character file.

Game seed: 8005559999091092533

3018 Morbidden the Conjurer (level 9, -11/65 HPs)
             Began as a Demonspawn Conjurer on Aug 7, 2023.
             Was an Initiate of Hepliaklqana.
             Mangled by a large abomination (32 damage)
             ... on level 1 of the Abyss.
             The game lasted 00:07:01 (7035 turns).

Morbidden the Conjurer (Demonspawn Conjurer)        Turns: 7035, Time: 00:07:01

Health: -11/65     AC:  6    Str:  7    XL:     9   Next: 55%
Magic:  5/16       EV: 18    Int: 23    God:    Hepliaklqana [......]
Gold:   375        SH:  0    Dex: 19    Spells: 11/18 levels left

rFire   . . .        a - +2 dagger (protect)
rCold   . . .        (no shield)
rNeg    + . .        x - +1 leather armour of Claustrophobia {rElec rN+ rCorr}
rPois   .            (helmet currently unavailable)
rElec   +            d - melded +0 cloak
rCorr   +            (gloves currently unavailable)
SInv    .            (boots currently unavailable)
Will    .....        (no amulet)
Stlth   ++           p - +6 ring of dexterity
HPRegen 0.30/turn    D - +5 ring of evasion
MPRegen 0.15/turn

%: no passive effects
@: beast-form
A: beast (slay +2), horns 1, thin metallic scales 1, foul stench 1, spiny 2
a: Begin Untransformation, Renounce Religion


You were on level 1 of the Abyss.
You worshipped Hepliaklqana.
Hepliaklqana was noncommittal.
You were a hulking beast.
You visited 2 branches of the dungeon, and saw 8 of its levels.
You visited the Abyss 1 time.

You collected 375 gold pieces.

Inventory:

Hand Weapons
 a - a +2 dagger of protection (weapon)
 F - a +4 great sword
Missiles
 k - 9 boomerangs (quivered)
 H - a throwing net
Armour
 d - a +0 cloak (melded)
 x - the +1 leather armour of Claustrophobia (worn) {rElec rN+ rCorr}
   (You found it on level 3 of the Dungeon)

   rElec:     It insulates you from electricity.
   rN:        It protects you from negative energy.
   rCorr:     It protects you from acid and corrosion.
Jewellery
 c - a ring of ice
 p - a +6 ring of dexterity (left hand)
 s - a ring of protection from fire
 u - a ring of poison resistance
 D - a +5 ring of evasion (right hand)
 I - a ring of see invisible
Talismans
 e - a beast talisman (active)
Wands
 B - a wand of polymorph (6)
Scrolls
 g - 3 scrolls of teleportation {unknown}
 h - 4 scrolls of identify {unknown}
 i - a scroll of fear {unknown}
 l - a scroll of fog {unknown}
 n - 2 scrolls of poison {unknown}
 o - 2 scrolls of noise {unknown}
 q - 2 scrolls of enchant weapon {unknown}
 r - a scroll of blinking {unknown}
 t - a scroll of silence {unknown}
 w - a scroll of revelation {unknown}
 y - a scroll of vulnerability {unknown}
 C - a scroll of enchant armour {unknown}
Potions
 b - 2 potions of magic
 f - a potion of haste {unknown}
 j - 2 potions of berserk rage {unknown}
 m - 4 potions of degeneration {unknown}
 v - 2 potions of cancellation {unknown}
 z - 4 potions of curing {unknown}
 A - a potion of attraction {unknown}
 G - a potion of lignification {unknown}
Miscellaneous
 E - a sack of spiders


   Skills:
 * Level 3.9 Fighting
 * Level 3.9 Short Blades
 * Level 3.3 Armour
 * Level 4.5 Dodging
 + Level 2.6 Stealth
 * Level 5.0 Spellcasting
 * Level 6.8 Conjurations
 * Level 3.6 Translocations
 * Level 2.1 Evocations
 * Level 2.9 Shapeshifting


You had 11 spell levels left.
You knew the following spells:

 Your Spells              Type           Power      Damage    Failure   Level
a - Magic Dart            Conj           100%       1d8       1%          1
b - Searing Ray           Conj           74%        2d7       1%          2
z - Iskenderun's Mystic   Conj/Tloc      29%        2d7       16%         4

Your spell library contained the following spells:

 Spells                   Type           Power      Damage    Failure   Level
 Lesser Beckoning         Tloc           44%        N/A       4%          2
 Gell's Gravitas          Tloc           22%        N/A       10%         3
 Teleport Other           Tloc           22%        N/A       10%         3
 Dazzling Flash           Conj/Hex       42%        N/A       11%         3
 Fulminant Prism          Conj/Hex       10%        3d9       34%         4


Dungeon Overview and Level Annotations

Branches:
Dungeon (7/15)             Temple (1/1) D:4

Altars:
Dithmenos
Hepliaklqana
Kikubaaqudgha
Makhleb
Nemelex Xobeh
Okawaru
Qazlal
Ru
Wu Jian
Xom
Yredelemnul

Shops:
D:2 :


Innate Abilities, Weirdness & Mutations

You are a hulking beast.
Your limbs bulge with bestial killing power. (Slay +2)
You have a pair of small horns on your head.
You are partially covered in thin metallic scales. (AC +2)
You may rarely emit foul miasma when damaged in melee.
You are mostly covered in sharp spines.


Message History

You hit the large abomination but do no damage.
The large abomination is moderately damaged.
You hit the large abomination.
You headbutt the large abomination, but do no damage.
The large abomination is moderately damaged.
The large abomination barely misses you.
You hit the large abomination but do no damage.
The large abomination is moderately damaged.
The large abomination is struck by your spines.
The large abomination hits you!
You hit the large abomination but do no damage.
You headbutt the large abomination, but do no damage.
The large abomination is heavily damaged.
You hit the large abomination but do no damage.
The large abomination is heavily damaged.
The large abomination is struck by your spines.
The large abomination hits you!!
Casting: Searing Ray (safe; 1% risk of failure)
Confirm with . or Enter, or press ? or * to list all spells.
Aiming: Searing Ray (safe; 1% risk of failure)
Press: ? - help, Shift-Dir - straight line, f/p - large abomination
Aim: a large abomination (severely damaged, 88% to hit)
The searing ray hits the large abomination.
The large abomination is severely damaged. (Press . to maintain the ray.) Unknown command.
The searing ray hits the large abomination.
The large abomination is severely damaged.
The large abomination completely misses you.
Unknown command.
The searing ray hits the large abomination but does no damage.
The large abomination is severely damaged.
The large abomination misses you.
Unknown command.
The searing ray hits the large abomination but does no damage.
The large abomination is severely damaged.
You finish channelling your searing ray.
Unknown command.
The large abomination hits you!!
You die...

# .#
##... ...
.....
#... ##.#
# ..# #
#X# . #h#
# .#.#
...# # .
....# . .
.....
.#.....##
. ..#..##
...#.. #
..


You could see a large abomination.

Vanquished Creatures
  An unseen horror (Abyss:1)
  Grinder (D:5)
  A wraith (Abyss:1)
  A water moccasin (D:6)
  An orc warrior (D:7)
  2 black bears
  An ice beast (D:6)
  4 sky beasts
  A phantom (D:5)
  Blork the orc (D:4)
  A bullfrog (D:6)
  7 scorpions
  5 wights (D:5)
  2 jellies (D:5)
  2 gnoll boudas
  An orc priest (D:7)
  4 iguanas
  2 sleepcaps
  3 orc wizards
  10 gnolls
  10 adders
  2 shadow imps (D:5)
  A white imp (D:6)
  An ufetubus (D:6)
  2 worms
  5 dart slugs
  11 orcs
  7 bats
  3 endoplasms
  8 giant cockroaches
  4 goblins
  8 hobgoblins
  3 jackals (D:4)
  9 kobolds
  3 quokkas
  9 ball pythons
  3 frilled lizards
  4 rats
144 creatures vanquished.

Notes
Turn   | Place    | Note
-------+----------+-------------------------------------------
     0 | D:1      | Morbidden the Demonspawn Conjurer began the quest for the
                  | Orb.
     0 | D:1      | Reached XP level 1. HP: 13/13 MP: 3/3
   362 | D:1      | Gained mutation: You have a pair of small horns on your
                  | head. [demonic ancestry]
   362 | D:1      | Reached XP level 2. HP: 20/20 MP: 1/5
   493 | D:1      | Learned a level 2 spell: Searing Ray
  1049 | D:1      | Gained mutation: You are partially covered in sharp spines.
                  | [demonic ancestry]
  1049 | D:1      | Reached XP level 3. HP: 25/25 MP: 2/6
  2193 | D:2      | Reached XP level 4. HP: 31/31 MP: 7/7
  2238 | D:2      | Found Hoothrumu's Book Boutique.
  2338 | D:3      | Reached skill level 5 in Conjurations
  2479 | D:3      | Found a faded altar of an unknown god.
  2607 | D:3      | Identified the +1 leather armour of Claustrophobia {rElec
                  | rN+ rCorr}
  2695 | D:3      | Reached skill level 1 in Fighting
  2800 | D:3      | Reached skill level 1 in Armour
  2958 | D:3      | Found a sacrificial altar of Ru.
  3051 | D:3      | Noticed a bullfrog
  3371 | D:4      | Gained mutation: You are partially covered in thin metallic
                  | scales. (AC +2) [demonic ancestry]
  3371 | D:4      | Reached XP level 5. HP: 37/37 MP: 5/8
  3441 | D:4      | Learned a level 4 spell: Iskenderun's Mystic Blast
  3736 | D:4      | Noticed Blork the orc
  3756 | D:4      | Found a sparkling altar of Nemelex Xobeh.
  3776 | D:4      | Killed Blork the orc
  3777 | D:4      | Reached skill level 1 in Short Blades
  3777 | D:4      | Reached skill level 1 in Shapeshifting
  3777 | D:4      | Reached XP level 6. HP: 43/43 MP: 2/10
  4066 | D:4      | Found a staircase to the Ecumenical Temple.
  4117 | Temple   | Entered the Ecumenical Temple
  4135 | D:5      | Entered Level 5 of the Dungeon
  4192 | D:5      | Reached skill level 1 in Translocations
  4237 | D:5      | Noticed Grinder
  4244 | D:5      | Paralysed by Grinder for 4 turns
  4257 | D:5      | Paralysed by Grinder for 4 turns
  4258 | D:5      | Killed Grinder
  4259 | D:5      | Gained mutation: You are mostly covered in sharp spines.
                  | [demonic ancestry]
  4259 | D:5      | Reached XP level 7. HP: 42/50 MP: 1/12
  4791 | D:5      | Reached XP level 8. HP: 57/57 MP: 8/13
  4858 | D:5      | Reached skill level 6 in Conjurations
  5634 | D:6      | Reached skill level 1 in Evocations
  5771 | D:6      | Gained mutation: You may rarely emit foul miasma when
                  | damaged in melee. [demonic ancestry]
  5771 | D:6      | Reached XP level 9. HP: 64/64 MP: 15/15
  6144 | D:6      | Found a shimmering altar of Xom.
  6145 | D:6      | Found a hazy altar of Hepliaklqana.
  6146 | D:6      | Noticed a spectral ugly thing
  6220 | D:6      | Became a worshipper of Hepliaklqana the Forgotten
  6878 | Abyss:1  | Cast into level 1 of the Abyss (gnoll sergeant)
  6946 | Abyss:1  | Killed an unseen horror
  6947 | Abyss:1  | Reached skill level 5 in Spellcasting
  7035 | Abyss:1  | Mangled by a large abomination

Illustrated notes

Levels and vault maps discovered:
D:1:      shiori_arrival_maze, layout_basic, minmay_cupped
D:2:      layout_basic, serial_shops, nicolae_shop_back_alley_shop
D:3:      layout_rooms, hangedman_ru_absence, nicolae_ecumenical_lake_church,
          lightli_corner_chamber
D:4:      layout_cave_pools, lemuel_tele_altar,
          minmay_temple_entry_purple_smoke, serial_column_ruins,
          column_ruins_grid_5, column_ruins_hut_ruined,
          column_ruins_corridor_straight, column_ruins_open_tiny,
          column_ruins_corridor_straight, column_ruins_open_small,
          guppyfry_early_lair_pool, uniq_blork_the_orc
D:5:      layout_loops_ring, minmay_checkerbox, uniq_grinder
D:6:      layout_loops_ring, regret_index_temple_of_mockery
D:7:      layout_basic
Temple:   hellmonk_temple_forest_ring
Abyss:1:  base:
D:3

Skill      XL: |  1  2  3  4  5  6  7  8  9 |
---------------+----------------------------+-----
Dodging        | 2 3 4 |  4.5
Stealth        | 2 |  2.6
Conjurations   | 5 6 |  6.8
Fighting       | 1 2 3 |  3.9
Armour         | 1 2 3 |  3.3
Short Blades   | 1 2 3 |  3.9
Shapeshifting  | 1 2 |  2.9
Spellcasting   | 3 4 5 |  5.0
Translocations | 1 2 3 |  3.6
Evocations     | 1 2 |  2.1

Action                     |  1- 3 |  4- 6 |  7- 9 || total
---------------------------+-------+-------+-------++-------
  Melee: Unarmed           |     7 |       |       ||     7
         Dagger            |     1 |    52 |    80 ||   133
         Headbutt          |     1 |    13 |    20 ||    34
         Punch             |       |       |     2 ||     2
  Throw: Boomerang         |       |       |     1 ||     1
   Cast: Magic Dart        |    75 |    72 |    43 ||   190
         Searing Ray       |       |     7 |    34 ||    41
         Iskenderun's Myst |       |       |     1 ||     1
   Stab: Sleeping          |       |       |     2 ||     2
 Armour: Robe              |     3 |       |       ||     3
         Leather armour    |     1 |    28 |    29 ||    58
  Dodge: Dodged            |    10 |    39 |    86 ||   135
   Form: Beast             |     1 |       |       ||     1

Table legend: (Time is in decaauts)
 A = Elapsed time spent in this place.
 B = Non-inter-level travel time spent in this place.
 C = Inter-level travel time spent in this place.
 D = Time resting spent in this place.
 E = Time spent auto-exploring this place.
 F = Levels seen in this place.
 G = Mean time per level.
                   A        B        C        D        E       F      G
               +--------+--------+--------+--------+--------+-----+--------+
         Total |   7031 |   6779 |    252 |     66 |   5769 |   9 |  781.2 |
       Dungeon |   6866 |   6614 |    252 |      0 |   5726 |   7 |  980.9 |
        Temple |      1 |      1 |      0 |      0 |      0 |   1 |    1.0 |
         Abyss |    163 |    163 |      0 |     66 |     43 |   1 |  163.0 |
               +--------+--------+--------+--------+--------+-----+--------+

Top non-repeatable levels by time:
     D:5: 1397 daAuts
     D:1: 1214 daAuts
     D:2: 1115 daAuts
     D:3: 1029 daAuts
     D:6: 990 daAuts
     D:4: 775 daAuts
     D:7: 343 daAuts
 Abyss:1: 163 daAuts
  Temple: 1 daAuts
